 Dungeon Crawl Stone Soup version 0.17-a0-1570-g74b7129 (console) character file.

1425 Illaniel the Slasher (level 8, -4/54 HPs)
             Began as a High Elf Skald on July 23, 2015.
             Slain by a scorpion (8 damage)
             ... on level 8 of the Dungeon.
             The game lasted 00:29:51 (5715 turns).

Illaniel the Slasher (High Elf Skald)               Turns: 5715, Time: 00:29:51

Health: -4/54      AC:  7    Str: 17      XL:     8   Next: 44%
Magic:  17/17      EV: 12    Int: 16      God:
Gold:   307        SH:  0    Dex: 11 (15) Spells: 5 memorised, 6 levels left

rFire  + . .     SeeInvis .     a - +0 falchion
rCold  . . .     Clarity  .     e - +2 ring mail {rF+}
rNeg   . . .     SustAt   .     (no shield)
rPois  .         Gourm    .     (no helmet)
rElec  .         Spirit   .     (no cloak)
rCorr  .         Warding  .     (no gloves)
rMut   .         Stasis   .     (no boots)
MR     +....                    (no amulet)
Stlth  +.........               p - ring of protection from magic
                                y - +4 ring of strength

@: lethally poisoned (-4 -> -31), somewhat resistant to hostile enchantments,
very unstealthy
A: no striking features
a: no special abilities


You were on level 8 of the Dungeon.
You were hungry.

You visited 2 branches of the dungeon, and saw 9 of its levels.

You collected 307 gold pieces.

Inventory:

Hand weapons
 a - a +0 falchion (weapon)
 v - a +0 blowgun
Missiles
 w - 33 poisoned needles
Armour
 b - a +0 leather armour
 e - a +2 ring mail of fire resistance (worn)
Rods
 z - a -1 rod of shadows (14/14)
   (You found it on level 3 of the Dungeon)
Jewellery
 p - a ring of protection from magic (right hand)
 y - a +4 ring of strength (left hand)
 B - an uncursed ring of flight
Magical devices
 G - a wand of fireball (0)
Scrolls
 f - 4 scrolls of random uselessness {unknown}
 g - 2 scrolls of fog {unknown}
 i - 3 scrolls of noise
 l - 4 scrolls of remove curse {unknown}
 u - 2 scrolls of blinking {unknown}
 E - a scroll of immolation {unknown}
 F - 2 scrolls of fear {unknown}
 I - a scroll of teleportation
Potions
 h - 2 potions of flight
 m - a potion of mutation {unknown}
 n - a potion of resistance {unknown}
 o - a potion of cure mutation {unknown}
 q - 3 potions of heal wounds {unknown}
 t - 2 potions of poison
 x - a potion of ambrosia {unknown}
 A - a potion of magic
 C - a potion of curing {unknown}
 D - a potion of degeneration
 J - a potion of brilliance {unknown}
Books
 c - a book of Battle

   Spells                             Type                      Level
   a - Infusion                       Charms                       1
   b - Shroud of Golubria             Charms/Translocation         2
   c - Song of Slaying                Charms                       2
   d - Spectral Weapon                Hexes/Charms                 3
   e - Regeneration                   Charms/Necromancy            3
Comestibles
 d - 5 bread rations
 j - a royal jelly
 k - a slice of pizza
 r - a meat ration
 s - 2 beef jerkies
 H - a chunk of flesh


   Skills:
 * Level 4.3 Fighting
 * Level 5.7 Long Blades
 * Level 3.3 Armour
 * Level 5.0 Dodging
 * Level 5.4 Spellcasting
 + Level 2.7 Hexes
 + Level 5.0 Charms


You had 6 spell levels left.
You knew the following spells:

 Your Spells              Type           Power        Failure   Level  Hunger
a - Infusion              Chrm           ###...       4%          1    None
b - Song of Slaying       Chrm           ###.....     8%          2    #......
c - Spectral Weapon       Hex/Chrm       ###.....     17%         3    ###....
h - Shroud of Golubria    Chrm/Tloc      ##........   17%         2    #......
r - Regeneration          Chrm/Necr      ##........   34%         3    ###....


Dungeon Overview and Level Annotations

Branches:
Dungeon (8/15)             Temple (1/1) D:6
   Lair: D:8-11

Altars:
Ashenzari
Cheibriados
Elyvilon
Fedhas
Gozag
Kikubaaqudgha
Makhleb
Nemelex Xobeh
Qazlal
Ru
Sif Muna
Trog
Vehumet
Xom
Yredelemnul
Zin
The Shining One

Annotations:
D:8 2 runed doors


Message History

* * * LOW HITPOINT WARNING * * *
You feel sick.
Your spectral weapon hits the scorpion but does no damage.
The scorpion stings you.
* * * LOW HITPOINT WARNING * * *
The giant gecko bites you but does no damage.
Drink which item? (? for menu, Esc to quit)
It was a potion of magic.
Magic courses through your body.
* * * LOW HITPOINT WARNING * * *
You feel sick. The giant gecko misses you. The scorpion stings you.
* * * LOW HITPOINT WARNING * * *
You are more poisoned.
The scorpion poisons you!
Drink which item? (? for menu, Esc to quit)
It was a potion of degeneration.
There was something very wrong with that liquid.
You feel clumsy.
* * * LOW HITPOINT WARNING * * *
You feel sick. The giant gecko barely misses you. The scorpion stings you!
You die... ▒∙∙∙▒ ▒▒∙∙∙▒ ▒∙∙∙▒ ∙∙∙▒▒▒ ∙∙∙∙∙▒ ∙∙∙▒∙▒ ▒▒▒▒'▒▒▒▒▒▒ ∙∙∙∙∙∙∙∙∙∙∙∙

∙∙∙∙∙∙∙∙∙∙∙∙▒
∙▒▒▒▒▒▒▒∙∙∙∙▒ ∙∙ ∙▒
▒∙∙∙∙▒ ▒∙∙ ∙■
■∙∙∙∙▒▒▒▒▒▒▒▒▒∙∙∙ ∙▒
▒∙∙∙∙▒∙∙∙∙∙∙∙∙∙∙∙
∙▒▒▒▒▒▒▒∙∙∙∙▒∙∙∙∙∙∙∙∙∙∙▒
∙∙∙∙∙∙∙∙∙∙∙∙▒∙∙∙∙(∙∙∙∙∙▒
∙∙∙∙∙∙∙∙∙∙∙∙▒∙∙∙∙s∙∙∙∙∙∙
▒▒▒▒'▒▒▒▒▒▒▒▒∙∙∙@l∙∙∙∙∙∙
▒∙∙∙∙∙∙∙∙∙∙∙∙∙▒▒▒▒∙∙∙
▒▒∙∙∙∙∙∙∙∙∙∙∙▒▒
▒∙∙∙∙∙∙∙∙∙∙∙▒▒
▒∙∙∙∙∙∙∙∙∙∙∙∙▒
▒∙∙∙∙∙∙∙∙∙∙∙∙∙▒
▒∙∙∙∙∙∙∙∙∙∙∙∙∙∙▒
∙∙∙∙∙∙∙∙∙∙∙∙∙∙▒▒
∙∙∙∙∙∙∙∙∙∙∙∙∙∙▒


You could see a scorpion and a giant gecko.

Vanquished Creatures
  An ice beast (D:6)
  A phantom (D:6)
  An ogre (D:6)
  3 giant frogs
  A big kobold (D:8)
  4 crimson imps
  4 orc priests
  A centaur skeleton (D:6)
  3 hounds
  Ijyb (D:2)
  7 orc wizards
  5 worker ants
  2 sheep (D:7)
  A hound skeleton (D:8)
  2 adders
  A shadow imp (D:8)
  2 giant geckos
  17 orcs
  A ball python (D:1)
  14 bats
  A bat skeleton (D:7)
  6 giant cockroaches
  10 hobgoblins
  A giant gecko zombie (D:7)
  6 giant newts
  4 goblins
  9 jackals
  11 kobolds
  11 rats
131 creatures vanquished.

Vanquished Creatures (collateral kills)
  3 orcs (D:3)
3 creatures vanquished.

Grand Total: 134 creatures vanquished

Notes
Turn   | Place    | Note
--------------------------------------------------------------
     0 | D:1      | Illaniel the High Elf Skald began the quest for the Orb.
     0 | D:1      | Reached XP level 1. HP: 14/14 MP: 4/4
   274 | D:1      | Reached XP level 2. HP: 17/19 MP: 6/6
   280 | D:2      | Learned a level 2 spell: Shroud of Golubria
   695 | D:1      | Reached XP level 3. HP: 24/24 MP: 0/7
   700 | D:1      | Learned a level 3 spell: Spectral Weapon
  1041 | D:2      | Found a shattered altar of Ashenzari.
  1060 | D:2      | Reached skill level 1 in Armour
  1144 | D:2      | Found a faded altar to an unknown god.
  1372 | D:2      | Noticed Ijyb
  1383 | D:2      | Killed Ijyb
  1383 | D:2      | Reached XP level 4. HP: 21/29 MP: 3/9
  1676 | D:3      | Identified a -1 rod of shadows (14/14) (You found it on level 3 of the Dungeon)
  2150 | D:3      | Reached XP level 5. HP: 25/35 MP: 10/10
  2155 | D:3      | Learned a level 3 spell: Regeneration
  2243 | D:3      | Found a white marble altar of Elyvilon.
  2394 | D:3      | Found a basalt altar of Yredelemnul.
  2410 | D:3      | Reached skill level 4 in Long Blades
  2410 | D:3      | Reached skill level 1 in Hexes
  2848 | D:4      | Found a snail-covered altar of Cheibriados.
  2879 | D:4      | Reached XP level 6. HP: 19/41 MP: 9/12
  2911 | D:4      | Noticed an ogre
  3036 | D:5      | Entered Level 5 of the Dungeon
  3578 | D:6      | Reached XP level 7. HP: 26/46 MP: 5/14
  3761 | D:6      | Found a staircase to the Ecumenical Temple.
  3770 | Temple   | Entered the Ecumenical Temple
  4098 | D:6      | Reached skill level 5 in Long Blades
  4226 | D:6      | Found a blossoming altar of Fedhas.
  4303 | D:6      | Found a deep blue altar of Sif Muna.
  4843 | D:7      | Learned a level 2 spell: Song of Slaying
  5017 | D:7      | Reached XP level 8. HP: 52/52 MP: 9/16
  5026 | D:7      | Reached skill level 5 in Spellcasting
  5056 | D:7      | Reached skill level 5 in Charms
  5085 | D:7      | Noticed a human
  5086 | D:7      | Noticed a hog
  5564 | D:8      | Found a stormy altar of Qazlal.
  5599 | D:8      | Reached skill level 5 in Dodging
  5654 | D:8      | Found a runed door.
  5667 | D:8      | Found a runed door.
  5715 | D:8      | Slain by a scorpion

Vault maps used:
D:1:      eino_arrival_water_cross, minmay_misc_feat_tower
D:2:      nicolae_ashenzari_panopticon, first_bread, ecumenical_altar_2,
          uniq_iyjb
D:3:      elyvilon_altar_4, overflow_temple_1_default
D:4:      cheibriados_altar_1
D:6:      nicolae_overflow_hidden_temple, led_sif_pool, temple_fountains
D:7:      grunt_livestock
D:8:      lemuel_insect_pit, lair_0_dummy, nicolae_qazlal_general_emergency
Temple:   circular_temple_12

Action                   |  1- 3 |  4- 6 |  7- 9 || total
-------------------------+-------+-------+-------++-------
Melee: Falchion          |   106 |   175 |   158 ||   439
 Cast: Infusion          |    12 |    18 |    18 ||    48
       Shroud of Golubri |     3 |     9 |    10 ||    22
       Spectral Weapon   |     2 |    14 |    20 ||    36
       Regeneration      |       |     4 |     1 ||     5
       Song of Slaying   |       |       |     1 ||     1
Evoke: Rod               |       |     3 |     3 ||     6
       Wand              |       |       |     4 ||     4
  Use: Scroll            |       |     6 |     1 ||     7
       Potion            |       |     2 |     2 ||     4
 Stab: Sleeping          |     4 |       |       ||     4
       Distracted        |       |       |     4 ||     4
  Eat: Chunk             |     2 |    12 |    10 ||    24
